 Dungeon Crawl Stone Soup version 0.29-a0-187-ga23d9638d5 (webtiles) character file.

Game seed: 16595699091698984110

1116 siradein the Ruffian (level 8, -16/79 HPs)
             Began as a Troll Fighter on Feb 21, 2022.
             Was a Follower of Qazlal.
             Killed from afar by Maggie (19 damage)
             ... with a bolt of fire
             ... on level 7 of the Dungeon.
             The game lasted 00:15:22 (4843 turns).

siradein the Ruffian (Troll Fighter)                Turns: 4843, Time: 00:15:23

Health: -16/79     AC:  4    Str: 25    XL:     8   Next: 12%
Magic:  7/7        EV:  9    Int:  4    God:    Qazlal [*.....]
Gold:   322        SH: 15    Dex: 11    Spells: 7/7 levels left

rFire   . . .      SeeInvis +     - Unarmed
rCold   . . .      Faith    .   b - +0 kite shield
rNeg    . . .      Spirit   .   a - +0 robe
rPois   .          Reflect  +   (helmet restricted)
rElec   .          Harm     .   (no cloak)
rCorr   .          Rampage  .   (gloves unavailable)
Will    .....                   (boots unavailable)
Stlth   +.........              s - amulet of reflection
HPRegen 1.03/turn               e - ring of see invisible
MPRegen 0.10/turn               q - ring of flight

@: mighty, lethally poisoned (-16 -> -20), flying, mesmerised
A: large, unfitting armour, claws 3, regeneration 1, shaggy fur 1, tough skin 1
a: Renounce Religion


You were on level 7 of the Dungeon.
You worshipped Qazlal.
Qazlal was aware of your devotion.
You visited 2 branches of the dungeon, and saw 8 of its levels.

You collected 322 gold pieces.

Inventory:

Hand Weapons
 h - a +1 hunting sling
Missiles
 d - 229 stones
 u - 12 boomerangs (quivered)
 z - a curare-tipped dart
Armour
 a - a +0 robe (worn)
 b - a +0 kite shield (worn)
Jewellery
 e - a ring of see invisible (left claw)
 m - an amulet of regeneration
 q - a ring of flight (right claw)
 s - an amulet of reflection (around neck)
 w - a ring of ice
Wands
 v - a wand of flame (29)
Scrolls
 f - 3 scrolls of enchant weapon
 i - 7 scrolls of identify {unknown}
 j - 2 scrolls of vulnerability {unknown}
 k - 3 scrolls of immolation
 o - 2 scrolls of noise {unknown}
 r - 3 scrolls of teleportation {unknown}
 t - a scroll of brand weapon {unknown}
 y - a scroll of torment {unknown}
Potions
 g - a potion of mutation {unknown}
 l - 3 potions of ambrosia {unknown}
 n - a potion of attraction {unknown}
 p - a potion of cancellation {unknown}
 x - a potion of magic {unknown}
 A - a potion of heal wounds {unknown}


   Skills:
 + Level 4.4 Fighting
 + Level 2.6 Throwing
 + Level 4.4 Dodging
 + Level 4.4 Shields
 + Level 4.8 Unarmed Combat


You had 7 spell levels left.
You didn't know any spells.
Your spell library contained the following spells:

 Spells                   Type           Power      Damage    Failure   Level
 Freeze                   Ice            0%         1d3       78%         1
 Slow                     Hex            0%         N/A       78%         1
 Blink                    Tloc           0%         N/A       89%         2
 Corpse Rot               Necr/Air       0%         N/A       89%         2
 Call Canine Familiar     Summ           0%         N/A       98%         3
 Confusing Touch          Hex            0%         N/A       98%         3
 Frozen Ramparts          Ice            0%         1d2       98%         3
 Lesser Beckoning         Tloc           0%         N/A       98%         3
 Ozocubu's Armour         Ice            0%         N/A       98%         3
 Portal Projectile        Hex/Tloc       0%         N/A       98%         3
 Vampiric Draining        Necr           0%         2d6       98%         3
 Dispel Undead            Necr           0%         3d6       100%        4
 Hailstorm                Conj/Ice       0%         3d3       100%        4
 Leda's Liquefaction      Hex/Erth       0%         N/A       100%        4
 Manifold Assault         Tloc           0%         N/A       100%        5
 Summon Forest            Summ/Tloc      0%         N/A       100%        5
 Death Channel            Necr           0%         N/A       100%        6
 Eringya's Noxious Bog    Tmut/Pois      0%         N/A       100%        6
 Ozocubu's Refrigeration  Ice            0%         4d5       100%        7
 Summon Hydra             Summ           0%         N/A       100%        7


Dungeon Overview and Level Annotations

Branches:
Dungeon (7/15)             Temple (1/1) D:4

Altars:
Ashenzari
Cheibriados
Dithmenos
Elyvilon
Fedhas
Gozag
Hepliaklqana
Kikubaaqudgha
Makhleb
Nemelex Xobeh
Okawaru
Qazlal
Ru
Sif Muna
Trog
Uskayaw
Vehumet
Wu Jian
Xom
Yredelemnul
Zin
The Shining One

Shops:
D:4 *

Annotations:
D:7 Maggie


Innate Abilities, Weirdness & Mutations

You are too large for most types of armour.
You have claws for hands.
Your natural rate of healing is unusually fast.
You are covered in fur. (AC +1)
You have tough skin. (AC +1)


Message History

Maggie mumbles some strange words.
Maggie draws you further into her thrall.
You claw Maggie!
Maggie is heavily wounded.
You block Maggie's attack.
You barely miss Maggie.
Maggie is heavily wounded.
You block Maggie's attack.
You completely miss Maggie.
Maggie is heavily wounded.
Maggie gestures at you while chanting. The bolt of fire hits you!
* * * LOW HITPOINT WARNING * * *
You barely miss Maggie.
Maggie is moderately wounded.
Maggie closely misses you.
You claw Maggie!
Maggie is heavily wounded.
You block Maggie's attack.
You barely miss Maggie.
Maggie is heavily wounded.
Maggie barely misses you.
You scratch Maggie but do no damage.
Maggie is heavily wounded.
Maggie hits you with a +3 halberd of venom!
* * * LOW HITPOINT WARNING * * *
You are lethally poisoned!
You claw Maggie!
Maggie is severely wounded.
* * * LOW HITPOINT WARNING * * *
You feel very sick.
Maggie casts a spell.
Maggie draws you further into her thrall.
You claw Maggie!
Maggie is almost dead.
* * * LOW HITPOINT WARNING * * *
You feel very sick. Maggie casts a spell at you. The bolt of fire hits you!!
You die...

.. ........[.......###...#
.#.g.............#..##.#.########
<.gg.............##....#.....)..#
..................###..########..
.....g............####..#
....g..........#...###..######
#..#..........###.............
#.###############......###### ..
#@@........... #.#
#.....###.........# ...####
#.........# # #.........#
###########


You could see Maggie (mesmerising).

Vanquished Creatures
  A black bear (D:6)
  An ogre (D:4)
  A kobold brigand (D:6)
  A bullfrog (D:6)
  A scorpion (D:7)
  4 wights (D:7)
  2 hounds (D:5)
  5 orc priests
  2 bullfrog skeletons
  A gnoll shaman (D:7)
  An iguana (D:5)
  2 orc wizards
  A killer bee zombie (D:6)
  A hound skeleton (D:4)
  5 gnolls
  4 adders
  An adder skeleton (D:4)
  4 worms
  A dart slug (D:2)
  18 orcs
  2 bats
  4 endoplasms
  4 goblins
  6 hobgoblins
  7 jackals
  9 kobolds
  4 quokkas
  10 ball pythons
  2 frilled lizards (D:1)
  3 rats
108 creatures vanquished.

Notes
Turn   | Place    | Note
-------+----------+-------------------------------------------
     0 | D:1      | siradein the Troll Fighter began the quest for the Orb.
     0 | D:1      | Reached XP level 1. HP: 22/22 MP: 0/0
    50 | D:1      | Reached XP level 2. HP: 27/29 MP: 1/1
   555 | D:1      | Reached XP level 3. HP: 34/36 MP: 2/2
  1122 | D:2      | Reached XP level 4. HP: 44/44 MP: 3/3
  1947 | D:3      | Reached XP level 5. HP: 40/53 MP: 4/4
  2354 | D:4      | Found Goeliase's Assorted Antiques.
  2400 | D:4      | Noticed an ogre
  2424 | D:4      | Killed an ogre
  2425 | D:4      | Reached XP level 6. HP: 61/61 MP: 5/5
  2644 | D:4      | Found a staircase to the Ecumenical Temple.
  2748 | Temple   | Entered the Ecumenical Temple
  3037 | Temple   | Became a worshipper of Qazlal Stormbringer
  3245 | D:4      | Found an iron altar of Okawaru.
  3291 | D:5      | Entered Level 5 of the Dungeon
  3502 | D:5      | Reached skill level 1 in Throwing
  3732 | D:5      | Reached XP level 7. HP: 68/68 MP: 6/6
  4501 | D:7      | Reached * piety under Qazlal
  4633 | D:7      | Reached XP level 8. HP: 57/79 MP: 7/7
  4824 | D:7      | Noticed Maggie
  4843 | D:7      | HP: 3/79 [poisoned by Maggie]
  4843 | D:7      | Killed from afar by Maggie

Illustrated notes

Levels and vault maps discovered:
D:1:      saegor_arrival_simple_c, layout_loops_ring, minmay_indecisive_spiral
D:2:      layout_rooms, minmay_pentomino_r2
D:3:      layout_basic
D:4:      cheibrodos_pilgrimage, layout_basic, mainiacjoe_overflow_24_doors,
          minmay_temple_entry_statues_fountains, serial_shops,
          nicolae_diamond_shop
D:5:      layout_loops_ring
D:6:      layout_cave_pools
D:7:      layout_rooms, uniq_maggie
Temple:   roderic_octagonal_lattice_temple

Skill      XL: |  1  2  3  4  5  6  7 |
---------------+----------------------+-----
Fighting       | 3 4 |  4.4
Dodging        | 3 4 |  4.4
Shields        | 3 4 |  4.4
Unarmed Combat | 3 4 |  4.8
Throwing       | 1 2 |  2.6

Action                   |  1- 3 |  4- 6 |  7- 9 || total
-------------------------+-------+-------+-------++-------
Melee: Unarmed           |   128 |   134 |   123 ||   385
Throw: Boomerang         |       |       |     5 ||     5
  Use: Scroll            |       |     2 |       ||     2
       Potion            |       |       |     1 ||     1
 Stab: Sleeping          |       |     1 |     1 ||     2
Armor: Robe              |    36 |    24 |    13 ||    73
Dodge: Dodged            |    53 |    23 |    38 ||   114
Block: Kite shield       |    38 |    52 |   104 ||   194
       Reflection        |       |       |     1 ||     1

Table legend: (Time is in decaauts)
 A = Elapsed time spent in this place.
 B = Non-inter-level travel time spent in this place.
 C = Inter-level travel time spent in this place.
 D = Time resting spent in this place.
 E = Time spent auto-exploring this place.
 F = Levels seen in this place.
 G = Mean time per level.
                   A        B        C        D        E       F      G
               +--------+--------+--------+--------+--------+-----+--------+
         Total |   4872 |   4574 |    298 |     44 |   3542 |   8 |  609.0 |
       Dungeon |   4567 |   4285 |    282 |     44 |   3299 |   7 |  652.4 |
        Temple |    304 |    289 |     15 |      0 |    243 |   1 |  304.0 |
               +--------+--------+--------+--------+--------+-----+--------+

Top non-repeatable levels by time:
     D:3: 984 daAuts
     D:4: 802 daAuts
     D:1: 776 daAuts
     D:5: 690 daAuts
     D:6: 568 daAuts
     D:2: 440 daAuts
     D:7: 305 daAuts
  Temple: 304 daAuts
